 Dungeon Crawl Stone Soup version 0.19.0-11-g3fc08b3 (webtiles) character file.

1827 Ladykiller69 the Cleaver (level 9, -2/65 HPs)
             Began as a Formicid Fighter on Nov 6, 2016.
             Killed from afar by an orc wizard (3 damage)
             ... with a puff of flame
             ... on level 10 of the Dungeon on Nov 8, 2016.
             The game lasted 00:13:46 (4989 turns).

Ladykiller69 the Cleaver (Formicid Fighter)         Turns: 4989, Time: 00:13:46

Health: -2/65      AC:  8    Str: 20    XL:     9   Next: 32%
Magic:  9/9        EV:  9    Int: 12    God:
Gold:   223        SH: 11    Dex: 10    Spells: 0 memorised, 8 levels left

rFire  . . .     SeeInvis +     a - +0 war axe
rCold  . . .     Gourm    .     b - +0 scale mail
rNeg   . . .     Faith    .     c - +0 shield
rPois  .         Spirit   .     (helmet unavailable)
rElec  .         Reflect  .     r - +0 cloak
rCorr  .         Harm     .     (no gloves)
MR     .....                    (no boots)
Stlth  ..........               (no amulet)
                                (no ring)
                                (no ring)

@: no status effects
A: permanent stasis, dig shafts and tunnels, four strong arms, antennae 3
a: Dig, Shaft Self


You were on level 10 of the Dungeon.
You were not hungry.

You visited 1 branch of the dungeon, and saw 7 of its levels.
You also visited: Sewer.

You collected 223 gold pieces.

Inventory:

Hand Weapons
 a - a +0 war axe (weapon)
 C - a +1 whip of electrocution
Missiles
 p - 101 stones (quivered)
Armour
 b - a +0 scale mail (worn)
 c - a +0 shield (worn)
 r - a +0 cloak (worn)
 B - a +0 plate armour
Jewellery
 w - an uncursed amulet of harm {unknown}
Wands
 s - a wand of polymorph (13/24)
 F - a wand of disintegration (12/24)
Scrolls
 e - a scroll of random uselessness {unknown}
 g - 7 scrolls of identify {unknown}
 h - a scroll of blinking {unknown}
 k - 3 scrolls of amnesia {unknown}
 m - 2 scrolls of recharging {unknown}
 n - 3 scrolls of remove curse {unknown}
 o - 3 scrolls of teleportation {unknown}
 x - a scroll of enchant armour {unknown}
 y - a scroll of fear {unknown}
 E - a scroll of fog {unknown}
Potions
 d - a potion of might
 i - 2 potions of degeneration {unknown}
 j - 3 potions of cancellation {unknown}
 q - a potion of invisibility {unknown}
 t - 2 potions of resistance {unknown}
 u - a potion of ambrosia {unknown}
 v - 2 potions of lignification {unknown}
 z - a potion of mutation {unknown}
 A - a potion of flight {unknown}
 D - a potion of curing {unknown}
Comestibles
 f - 5 bread rations
 l - 6 fruits
 G - 2 meat rations


   Skills:
 - Level 4.0 Fighting
 * Level 9.4 Axes
 - Level 4.0 Armour
 + Level 8.4 Shields


You had 8 spell levels left.
You didn't know any spells.

Dungeon Overview and Level Annotations

Branches:
Dungeon (5/15)
 Temple: D:4-7

Altars:
Trog

Annotations:
D:5 Menkaure


Innate Abilities, Weirdness & Mutations

You are under a permanent stasis effect.
You can dig through walls and to a lower floor.
Your four strong arms can wield two-handed weapons with a shield.
You have a pair of large antennae on your head. (SInv)


Message History

The orc wizard is severely wounded.
You block the orc wizard's attack.
The orc wizard points at you and mumbles some strange words.
The puff of frost misses you.
You hit the orc wizard.
The orc wizard is almost dead.
The orc wizard hits you with a dagger.
* * * LOW HITPOINT WARNING * * *
You closely miss the orc wizard.
The orc wizard is almost dead.
The orc wizard hits you with a dagger.
* * * LOW HITPOINT WARNING * * *
The orc wizard gestures at you while chanting.
The magic dart hits you!
* * * LOW HITPOINT WARNING * * *
You barely miss the orc wizard.
The orc wizard is almost dead.
The orc wizard casts a spell at you. The puff of flame hits you!
You die...

### ######
##o###{...#
#@#{{{{{..+
.######{{..#
......{{...#####
.......{#{{....#
#.......#.K....#
#.......#......#
......#.#..{...#
......#.#...).(#
........+......'.


You could see an orc wizard.

Vanquished Creatures
  Pikel (D:4)
  Duvessa (D:4)
  A slave (D:3)
  An ice beast (D:8)
  A sky beast (D:5)
  A necrophage (D:5)
  An ogre (D:5)
  A centaur (D:5)
  A big kobold (D:5)
  A bullfrog (D:3)
  Dowan (D:4)
  2 killer bees (D:8)
  A howler monkey (D:4)
  A crimson imp (D:5)
  A centaur zombie (D:5)
  2 hounds (D:5)
  2 orc priests (D:4)
  2 centaur skeletons
  Jessica (D:2)
  3 orc wizards
  Ijyb (D:3)
  8 adders
  An ooze (D:2)
  4 worms
  3 dart slugs
  4 leopard geckos
  8 orcs
  A ball python (D:1)
  5 giant cockroaches
  5 goblins
  7 hobgoblins
  9 jackals
  9 bats
  3 frilled lizards
  10 kobolds
  8 rats
112 creatures vanquished.

Notes
Turn   | Place    | Note
-------+----------+-------------------------------------------
     0 | D:1      | Ladykiller69 the Formicid Fighter began the quest for the Orb.
     0 | D:1      | Reached XP level 1. HP: 18/18 MP: 1/1
   192 | D:1      | Reached XP level 2. HP: 24/24 MP: 2/2
   747 | D:2      | Reached XP level 3. HP: 19/30 MP: 3/3
  1194 | D:2      | Reached skill level 3 in Axes
  1249 | D:2      | Reached XP level 4. HP: 27/37 MP: 4/4
  1720 | D:2      | Noticed Jessica
  1728 | D:2      | Killed Jessica
  1731 | D:2      | Reached XP level 5. HP: 42/42 MP: 5/5
  2100 | D:3      | Noticed Ijyb
  2121 | D:3      | Killed Ijyb
  2196 | D:3      | Reached skill level 4 in Axes
  2277 | D:3      | Found a faded altar of an unknown god.
  2388 | D:3      | Found a glowing drain.
  2393 | Sewer    | Entered a sewer
  2393 | Sewer    | Noticed dobroeutro's ghost (amateur GrFi)
  2696 | D:3      | Reached XP level 6. HP: 36/48 MP: 6/6
  3012 | D:4      | Found a bloodstained altar of Trog.
  3012 | D:4      | Noticed a slave
  3014 | D:4      | Noticed a slave
  3031 | D:3      | Killed a slave
  3226 | D:4      | Noticed Dowan
  3227 | D:4      | Noticed Duvessa
  3251 | D:4      | Reached skill level 5 in Axes
  3251 | D:4      | Reached skill level 5 in Shields
  3446 | D:4      | Killed Dowan
  3446 | D:4      | Reached XP level 7. HP: 53/54 MP: 7/7
  3489 | D:4      | Noticed Pikel
  3510 | D:4      | Killed Pikel
  3510 | D:4      | Reached skill level 7 in Axes
  3510 | D:4      | Reached XP level 8. HP: 43/60 MP: 8/8
  3586 | D:4      | Killed Duvessa
  3830 | D:5      | Entered Level 5 of the Dungeon
  3888 | D:5      | Reached skill level 8 in Axes
  4167 | D:5      | Reached XP level 9. HP: 65/65 MP: 9/9
  4356 | D:5      | Reached skill level 9 in Axes
  4442 | D:5      | Upgraded the game from 0.19.0-2-gae57169 to 0.19.0-11-g3fc08b3
  4516 | D:5      | Noticed Menkaure
  4540 | D:5      | You fall through a shaft for 3 floors!
  4964 | D:8      | You fall through a shaft for 2 floors!
  4964 | D:10     | Entered Level 10 of the Dungeon
  4988 | D:10     | HP: 1/65 [orc wizard/magic dart (4)]
  4989 | D:10     | Killed from afar by an orc wizard

Skill      XL: |  1  2  3  4  5  6  7  8  9 |
---------------+----------------------------+-----
Axes           | 3 4 5 7 8 9 |  9.4
Shields        | 4 5 6 7 8 |  8.4
Fighting       | 4 |  4.0
Armour         | 4 |  4.0

Action                   |  1- 3 |  4- 6 |  7- 9 || total
-------------------------+-------+-------+-------++-------
Melee: War axe           |    73 |   210 |   180 ||   463
Throw: Stone             |       |       |     9 ||     9
 Abil: Dig               |     3 |     3 |     6 ||    12
       Shaft Self        |       |       |     2 ||     2
  Use: Potion            |       |       |     1 ||     1
  Eat: Chunk             |     1 |     8 |     3 ||    12
       Pizza             |       |       |     1 ||     1
       Fruit             |       |       |     3 ||     3
Armor: Scale mail        |    24 |   107 |    66 ||   197
Dodge: Dodged            |    15 |    80 |    55 ||   150
Block: Shield            |    37 |   117 |    97 ||   251
